 Dungeon Crawl Stone Soup version 0.30.0-13-g156ef70053 (webtiles) character file.

Game seed: 7771004862028742081

2 safid the Chiller (level 1, 0/14 HPs)
             Began as a Merfolk Ice Elementalist on May 17, 2023.
             Slain by a rat (2 damage)
             ... on level 1 of the Dungeon.
             The game lasted 00:00:18 (48 turns).

safid the Chiller (Merfolk Ice Elementalist)          Turns: 48, Time: 00:00:19

Health: 0/14       AC:  2    Str:  8    XL:     1   Next: 40%
Magic:  0/3        EV: 12    Int: 14    God:
Gold:   9          SH:  0    Dex: 14    Spells: 3/4 levels left

rFire   . . .        c - +0 whip
rCold   . . .        (no shield)
rNeg    . . .        a - +0 robe
rPois   .            (no helmet)
rElec   .            (no cloak)
rCorr   .            (no gloves)
SInv    .            (no boots)
Will    .....        (no amulet)
Stlth   ++           (no ring)
HPRegen 0.22/turn    (no ring)
MPRegen 0.08/turn

%: no passive effects
@: very slightly contaminated
A: (nimble swimmer 2), mertail
a: no special abilities


You were on level 1 of the Dungeon.
You visited 1 branch of the dungeon, and saw 1 of its levels.

You collected 9 gold pieces.

Inventory:

Hand Weapons
 c - a +0 whip (weapon)
Armour
 a - a +0 robe (worn)
Potions
 b - a potion of magic


   Skills:
 + Level 0.3 Fighting
 - Level 2.6 Dodging
 - Level 2.1 Stealth
 + Level 2.0 Spellcasting
 + Level 4.4 Ice Magic


You had 3 spell levels left.
You knew the following spells:

 Your Spells              Type           Power      Damage    Failure   Level
a - Freeze                Ice            52%        1d6       3%          1

Your spell library contained the following spells:

 Spells                   Type           Power      Damage    Failure   Level
 Frozen Ramparts          Ice            26%        1d4       12%         3
 Ozocubu's Armour         Ice            13%        N/A       12%         3
 Summon Ice Beast         Ice/Summ       7%         N/A       67%         4


Dungeon Overview and Level Annotations

Branches:
Dungeon (1/15)

Altars:


Innate Abilities, Weirdness & Mutations

((You are very nimble when in or above water. (Stealth+, EV+, Speed+++)))
Your lower body shifts to a powerful aquatic tail in water.


Message History

Confirm with . or Enter, or press ? or * to list all spells.
Aiming: Freeze (safe; 3% risk of failure)
Press: ? - help, Shift-Dir - straight line, f - jackal
Aim: a jackal (moderately wounded)
You miscast Freeze.
You are very lightly contaminated with residual magic.
Nothing appears to happen.
The jackal completely misses you. The jackal bites you.
Casting: Freeze (safe; 3% risk of failure)
Confirm with . or Enter, or press ? or * to list all spells.
You don't have enough magic to cast this spell.
Unknown command.
You miss the jackal.
The jackal is moderately wounded.
The hobgoblin hits you but does no damage.
The rat bites you.
* * * LOW HITPOINT WARNING * * *
The jackal barely misses you.
Unknown command.
You hit the jackal but do no damage.
The jackal is moderately wounded.
The jackal closely misses you.
The rat twitches its whiskers.
The rat bites you.
* * * LOW HITPOINT WARNING * * *
The hobgoblin closely misses you.
The jackal bites you but does no damage.
You closely miss the jackal.
The jackal is moderately wounded.
The hobgoblin barely misses you. The rat bites you.
* * * LOW HITPOINT WARNING * * *
The jackal closely misses you.
Unknown command.
You closely miss the jackal.
The jackal is moderately wounded.
The jackal barely misses you. The hobgoblin barely misses you.
The rat completely misses you.
A quokka comes into view.
The jackal misses you. The hobgoblin misses you. The rat bites you.
You die...

###.### #n#.#d#
###.### #T#.#p#
###.##### # #d#.#f#.##
#### #..###'###..##
.....
#....#.#....g##......
#.§.........h@†......
)§..§..r.....r........
.#§_§........##.......
........#...## .......
h.h......#### .......
...#[..#. .......
...#..... .......
...... .......


You could see a quokka (wandering), a jackal, a hobgoblin and a rat.

Vanquished Creatures
  A hobgoblin (D:1)
  A kobold (D:1)
2 creatures vanquished.

Notes
Turn   | Place    | Note
-------+----------+-------------------------------------------
     0 | D:1      | safid the Merfolk Ice Elementalist began the quest for the
                  | Orb.
     0 | D:1      | Reached XP level 1. HP: 13/13 MP: 3/3
     2 | D:1      | Noticed an octopode
     4 | D:1      | Noticed a merfolk
     4 | D:1      | Noticed a formicid
     6 | D:1      | Noticed an armataur
     6 | D:1      | Noticed an elf
     9 | D:1      | Noticed a demigod
     9 | D:1      | Noticed a felid
    11 | D:1      | Noticed a tengu
    11 | D:1      | Noticed a vampire
    13 | D:1      | Noticed a vine stalker
    13 | D:1      | Noticed a gargoyle
    15 | D:1      | Noticed a spriggan
    15 | D:1      | Noticed a demonspawn
    17 | D:1      | Noticed a naga
    19 | D:1      | Noticed an ogre
    21 | D:1      | Noticed a minotaur
    21 | D:1      | Noticed a human
    23 | D:1      | Noticed a ghoul
    23 | D:1      | Noticed a draconian
    25 | D:1      | Noticed a troll
    25 | D:1      | Noticed a human
    27 | D:1      | Noticed a draconian
    27 | D:1      | Noticed a vine stalker
    31 | D:1      | Found a faded altar of an unknown god.
    48 | D:1      | Slain by a rat

Illustrated notes

Levels and vault maps discovered:
D:1:      kb_arrival_jail, layout_rooms, ebering_ecumenical_altar_mist

Action                     || total
---------------------------++-------
  Melee: Whip              ||     5
   Cast: Freeze            ||     2
 Armour: Robe              ||     3
  Dodge: Dodged            ||    13
